 Dungeon Crawl Stone Soup version 0.28-b1-70-g80dc712255 (webtiles) character file.

Game seed: 8476294426716193202

6 vvl the Stinger (level 1, 0/13 HPs)
             Began as a Demonspawn Venom Mage on Feb 4, 2022.
             Slain by a bat (1 damage)
             ... on level 1 of the Dungeon.
             The game lasted 00:01:24 (52 turns).

vvl the Stinger (Demonspawn Venom Mage)               Turns: 52, Time: 00:01:24

Health: 0/13       AC:  2    Str:  8    XL:     1   Next: 75%
Magic:  0/3        EV: 12    Int: 16    God:
Gold:   0          SH:  0    Dex: 13    Spells: 3/4 levels left

rFire   . . .      SeeInvis .   (no weapon)
rCold   . . .      Faith    .   (no shield)
rNeg    . . .      Spirit   .   a - +0 robe
rPois   .          Reflect  .   (no helmet)
rElec   .          Harm     .   (no cloak)
rCorr   .          Rampage  .   (no gloves)
Will    .....                   (no boots)
Stlth   ++........              (no amulet)
HPRegen 0.04/turn               (no ring)
MPRegen 0.08/turn               (no ring)

@: no status effects
A: no striking features
a: no special abilities


You were on level 1 of the Dungeon.
You visited 1 branch of the dungeon, and saw 1 of its levels.

Inventory:

Armour
 a - a +0 robe (worn)


   Skills:
 + Level 0.1 Fighting
 + Level 1.8 Dodging
 + Level 1.8 Stealth
 + Level 2.0 Spellcasting
 + Level 0.1 Conjurations
 + Level 0.2 Necromancy
 + Level 1.0 Transmutations
 + Level 0.1 Earth Magic
 * Level 3.0 Poison Magic


You had 3 spell levels left.
You knew the following spells:

 Your Spells              Type           Power      Damage    Failure   Level
a - Sting                 Tmut/Pois      32%        1d4       9%          1

Your spell library contained the following spells:

 Spells                   Type           Power      Damage    Failure   Level
 Poisonous Vapours        Pois/Air       12%        N/A       17%         2
 Mephitic Cloud           Conj/Pois/Air  5%         N/A       36%         3
 Olgreb's Toxic Radiance  Pois           11%        N/A       50%         4


Dungeon Overview and Level Annotations

Branches:
Dungeon (1/15)

Altars:


Message History

You closely miss the jackal.
The jackal is moderately wounded.
The bat barely misses you. The jackal closely misses you.
You hit the jackal but do no damage.
The jackal is moderately wounded.
The bat closely misses you.
The jackal bites you but does no damage.
The jackal barely misses you.
You hit the jackal but do no damage. The bat hits you. The jackal bites you.
* * * LOW HITPOINT WARNING * * *
You barely miss the jackal. The jackal barely misses you.
The jackal misses you.
Casting: Sting (safe; 9% risk of failure)
Confirm with . or Enter, or press ? or * to list all spells.
Aiming: Sting (safe; 9% risk of failure)
Press: ? - help, Shift-Dir - straight line, f - jackal
Aim: a jackal (60% to hit)
The sting hits the jackal but does no damage.
The jackal is poisoned.
The jackal bites you but does no damage.
You barely miss the jackal.
The jackal is heavily wounded.
You kill the jackal!
The jackal bites you.
* * * LOW HITPOINT WARNING * * *
Your Transmutations skill increases to level 1!
You miss the bat.
The bat is heavily wounded.
The bat hits you.
* * * LOW HITPOINT WARNING * * *
The jackal barely misses you.
You hit the jackal but do no damage. The bat hits you but does no damage.
The jackal barely misses you.
You hit the jackal but do no damage. The jackal closely misses you.
The bat closely misses you. The bat hits you.
* * * LOW HITPOINT WARNING * * *
The jackal closely misses you.
A giant cockroach comes into view.
The bat hits you.
You die...

..§§≈#.<#≈§≈#
.§≈≈≈#..#≈§≈#
.#≈≈≈#''#≈≈≈#
#≈≈8§§≈≈8≈≈#
#≈8≈§≈≈≈≈8≈# #
#####≈≈≈≈≈§§≈≈≈####.#
#....##......##$....#
####...b.h......##......
.......@#####...†.......
........# #.####....#.
.......## #.# #....#
B...... #.# .......
....... #.# .hr....
....... #.# .......
....... #.# #..h....
....... #. .?....


You could see a jackal, a giant cockroach (asleep) and a bat.

Vanquished Creatures
  A hobgoblin (D:1)
  3 jackals (D:1)
  A rat (D:1)
5 creatures vanquished.

Notes
Turn   | Place    | Note
-------+----------+-------------------------------------------
     0 | D:1      | vvl the Demonspawn Venom Mage began the quest for the Orb.
     0 | D:1      | Reached XP level 1. HP: 13/13 MP: 3/3
    49 | D:1      | Reached skill level 1 in Transmutations
    52 | D:1      | Slain by a bat

Illustrated notes

Levels and vault maps discovered:
D:1:      lightli_arrival_boilingwater, layout_basic,
          shapermc_ecumenical_altar_mp_ritualfount

Skill      XL: |  1 |
---------------+----+-----
Transmutations | 1 |  1.0
Fighting       | |  0.1
Dodging        | |  1.8
Stealth        | |  1.8
Spellcasting   | |  2.0
Conjurations   | |  0.1
Necromancy     | |  0.2
Earth Magic    | |  0.1
Poison Magic   | |  3.0

Action                   || total
-------------------------++-------
Melee: Unarmed           ||    27
 Cast: Sting             ||     6
Armor: Robe              ||    12
Dodge: Dodged            ||    38
